[Event "Early-Titled-Tuesday-Blitz-September-05-2023"]
[Site "Chess.com"]
[Date "2023.09.05"]
[Round "6"]
[White "masterofpuppets2"]
[Black "expii"]
[Result "1-0"]
[WhiteElo "2464"]
[BlackElo "2253"]
[TimeControl "180+1"]
[EndTime "9:03:52 PDT"]
[Termination "masterofpuppets2 won by resignation"]

1. d4 Nf6 2. c4 d6 3. Nc3 g6 4. e4 Bg7 5. f3 O-O 6. Be3 Nbd7 7. Bd3 c5 8. Nge2 b6 9. Qd2 e5 10. d5 Ne8 11. g4 f5 12. exf5 gxf5 13. Bxf5 Ndf6 14. Bc2 Nc7 15. h4 b5 16. cxb5 Bb7 17. Bb3 Kh8 18. h5 Rf7 19. O-O-O Qd7 20. Bc4 a6 21. b6 Nb5 22. g5 Nxc3 23. Nxc3 Ne8 24. Qe2 Rf5 25. Rdg1 1-0

[Event "Early-Titled-Tuesday-Blitz-September-05-2023"]
[Site "Chess.com"]
[Date "2023.09.05"]
[Round "6"]
[White "TrenerChos"]
[Black "IM_Tissir"]
[Result "1-0"]
[WhiteElo "2625"]
[BlackElo "2461"]
[TimeControl "180+1"]
[EndTime "9:03:54 PDT"]
[Termination "TrenerChos won by resignation"]

1. d4 Nf6 2. Nf3 g6 3. b3 Bg7 4. Bb2 O-O 5. g3 a5 6. Bg2 a4 7. O-O d6 8. Nbd2 a3 9. Bc3 Nd5 10. Nb1 Nxc3 11. Nxc3 c5 12. Qd2 cxd4 13. Nxd4 Nc6 14. Nxc6 bxc6 15. Bxc6 Ra6 16. Bb5 Qa5 17. Bxa6 Bxc3 18. Qe3 Bxa6 19. Rad1 Qc7 20. h4 Rc8 21. h5 Kg7 22. Rd5 e5 23. h6+ Kg8 24. Rfd1 Bb4 25. Qg5 Qd8 26. Qxe5 dxe5 27. Rxd8+ Rxd8 28. Rxd8+ Bf8 29. c4 f5 30. c5 Kf7 31. c6 Be7 32. c7 1-0

[Event "Early-Titled-Tuesday-Blitz-September-05-2023"]
[Site "Chess.com"]
[Date "2023.09.05"]
[Round "6"]
[White "infinitegiantkiller"]
[Black "aakankshachess"]
[Result "0-1"]
[WhiteElo "2477"]
[BlackElo "2467"]
[TimeControl "180+1"]
[EndTime "9:03:57 PDT"]
[Termination "aakankshachess won by resignation"]

1. Nf3 Nf6 2. g3 b6 3. Bg2 Bb7 4. O-O c5 5. b3 d6 6. Bb2 e5 7. d3 Nbd7 8. c4 Be7 9. Nc3 O-O 10. e3 Rb8 11. d4 a6 12. Qd2 Qc7 13. Rfd1 Rbd8 14.
Rac1 Qb8 15. Qc2 Qa8 16. Ne1 Bxg2 17. Nxg2 cxd4 18. exd4 exd4 19. Rxd4 Ne5 20. Ne1 d5 21. Nxd5 Nxd5 22. Rxd5 Rxd5 23. cxd5 Qxd5 24. Rd1 Nf3+ 25. Nxf3 Qxf3 26. Qd3 Qg4 27. Qd4 Qg6 28. Qd3 Qg4 29. Re1 Bc5 30. Qxa6 h5 31. Qe2 Qf5 32. Qe4 Qxf2+ 33.
Kh1 Qxb2 0-1

[Event "Early-Titled-Tuesday-Blitz-September-05-2023"]
[Site "Chess.com"]
[Date "2023.09.05"]
[Round "6"]
[White "FoxOnTheRun97"]
[Black "ChampStan"]
[Result "1-0"]
[WhiteElo "2519"]
[BlackElo "2106"]
[TimeControl "180+1"]
[EndTime "9:04:05 PDT"]
[Termination "FoxOnTheRun97 won by resignation"]

1. d4 Nf6 2. c4 g6 3. Nc3 d5 4. cxd5 Nxd5 5. e4 Nxc3 6. bxc3 Bg7 7. h3 c5 8. Nf3 Nc6 9. Be3 O-O 10. Be2 Qa5 11.
O-O Qxc3 12. Rc1 Qa3 13. d5 Nd4 14. Nxd4 cxd4 15. Bxd4 Qxa2 16. Bxg7 Kxg7 17. Rc7 Qa3 18. Qd4+ Kg8 19. e5 Re8 20. Ra1 Qb3 21. Bc4 Qb4 22. d6 exd6 23. Bxf7+ 1-0

[Event "Early-Titled-Tuesday-Blitz-September-05-2023"]
[Site "Chess.com"]
[Date "2023.09.05"]
[Round "6"]
[White "djano"]
[Black "baki83"]
[Result "1-0"]
[WhiteElo "2609"]
[BlackElo "2811"]
[TimeControl "180+1"]
[EndTime "9:04:07 PDT"]
[Termination "djano won by resignation"]

1. e4 c5 2. Nc3 Nc6 3. Bb5 Nd4 4. Nf3 Nxb5 5. Nxb5 a6 6. Nc3 e6 7. d4 cxd4 8. Qxd4 Qc7 9. O-O b5 10. Re1 Bb7 11.
a4 b4 12. Nd5 exd5 13. exd5+ Kd8 14. Bf4 d6 15. Qxb4 Nf6 16. c4 h6 17. Be3 Nd7 18. Qc3 Rg8 19. Bd4 a5 20. Qe3 Kc8 21.
Qe8+ Qd8 22. Qxf7 Rh8 23. Re8 1-0

[Event "Early-Titled-Tuesday-Blitz-September-05-2023"]
[Site "Chess.com"]
[Date "2023.09.05"]
[Round "6"]
[White "Daniel_Salinas"]
[Black "korbul"]
[Result "1-0"]
[WhiteElo "2317"]
[BlackElo "2588"]
[TimeControl "180+1"]
[EndTime "9:04:10 PDT"]
[Termination "Daniel_Salinas won by resignation"]

1. d4 Nf6 2. c4 e6 3. g3 d5 4.
Nf3 Be7 5. Bg2 O-O 6. O-O c6 7. Nc3 Nbd7 8. Qd3 b6 9. b3 Ba6 10.
e4 c5 11. exd5 exd5 12. Nb5 cxd4 13. Nfxd4 Nc5 14. Qf3 Rc8 15. cxd5 Nce4 16. a4 Qxd5 17. Re1 Bb4 18. Rxe4 Nxe4 19. Qxe4 Qxe4 20. Bxe4 Rfe8 21.
f3 Bc5 22. Kg2 g6 23. Bb2 f5 24.
Bd5+ Kf8 25. Ne6+ Ke7 26. Nbc7 Bd3 27. Nxe8 Kxe8 28. Re1 Kd7 29. Rd1 Bc2 30. Rd2 1-0

[Event "Early-Titled-Tuesday-Blitz-September-05-2023"]
[Site "Chess.com"]
[Date "2023.09.05"]
[Round "6"]
[White "HansOnTwitch"]
[Black "Mops_2004"]
[Result "1-0"]
[WhiteElo "3057"]
[BlackElo "2823"]
[TimeControl "180+1"]
[EndTime "9:04:12 PDT"]
[Termination "HansOnTwitch won by resignation"]

1. d4 f5 2. Nf3 Nf6 3. c4 g6 4. Nc3 Bg7 5. b4 O-O 6. Bb2 c6 7. e3 d5 8. Be2 a5 9. b5 Ne4 10. O-O Kh8 11. Rc1 Be6 12. Ne5 Nd7 13. Nxe4 dxe4 14. bxc6 Nxe5 15. cxb7 Rb8 16. dxe5 Rxb7 17. Bd4 Qc7 18. c5 Bxe5 19. c6 Rbb8 20. Bxe5+ Qxe5 21.
c7 Rbc8 22. Qc2 Qd6 23. Rfd1 Qb6 24. Qc3+ Kg8 25. Rd2 f4 26. exf4 Rxf4 27. Qe3 Qxe3 28. fxe3 Rff8 29. Ba6 1-0

[Event "Early-Titled-Tuesday-Blitz-September-05-2023"]
[Site "Chess.com"]
[Date "2023.09.05"]
[Round "6"]
[White "GaalZsoka"]
[Black "KVAIDAN"]
[Result "0-1"]
[WhiteElo "2448"]
[BlackElo "2243"]
[TimeControl "180+1"]
[EndTime "9:04:16 PDT"]
[Termination "KVAIDAN won by resignation"]

1. Nf3 f5 2. g3 Nf6 3. Bg2 d6 4. d4 e6 5. O-O Be7 6. c4 O-O 7. Nc3 a5 8. Re1 Ne4 9. Nxe4 fxe4 10. Nd2 d5 11. f3 c5 12. fxe4 cxd4 13. exd5 e5 14. Ne4 Bf5 15. e3 Qb6 16. exd4 exd4 17.
Kh1 Bb4 18. Rf1 Nd7 19. a3 Bc5 20. Nxc5 Qxc5 21. b4 Qxc4 22. Bf4 axb4 23. Bd6 Rf6 24. axb4 Rxa1 25. Qxa1 Be4 26. Qa8+ Kf7 27. Rxf6+ gxf6 28. Qa1 Bxg2+ 29. Kxg2 Qxd5+ 30. Kg1 Qxd6 31. Qb1 d3 32. Qb3+ Kg7 33. Kf2 d2 34. Qd1 Ne5 0-1

[Event "Early-Titled-Tuesday-Blitz-September-05-2023"]
[Site "Chess.com"]
[Date "2023.09.05"]
[Round "6"]
[White "Iskusnyh"]
[Black "Apocalyps999"]
[Result "1-0"]
[WhiteElo "2615"]
[BlackElo "2301"]
[TimeControl "180+1"]
[EndTime "9:04:16 PDT"]
[Termination "Iskusnyh won by resignation"]

1. d4 d5 2. c4 e6 3. Nf3 Nf6 4. g3 Bb4+ 5. Nbd2 O-O 6. Bg2 dxc4 7. Qc2 a6 8. Qxc4 Bxd2+ 9. Bxd2 b5 10. Qc2 Bb7 11. Rc1 Nc6 12. e3 Rc8 13. O-O Ne7 14.
Ba5 Ned5 15. Ne5 Qe7 16. a3 Ba8 17. e4 Nb6 18. Bxb6 cxb6 19. Qxc8 Rxc8 20. Rxc8+ Ne8 21. Rxa8 f6 22. Nc6 Qd7 23. Rc1 h6 24. Ra7 Qd6 25. e5 fxe5 26. Ra8 Kf7 27. Rd8 Qf8 28. Nxe5+ Kg8 29. Rcc8 1-0

[Event "Early-Titled-Tuesday-Blitz-September-05-2023"]
[Site "Chess.com"]
[Date "2023.09.05"]
[Round "6"]
[White "RIPOL"]
[Black "Stouuf"]
[Result "0-1"]
[WhiteElo "2408"]
[BlackElo "2618"]
[TimeControl "180+1"]
[EndTime "9:04:19 PDT"]
[Termination "Stouuf won by resignation"]

1. d4 d6 2. e4 Nf6 3. Nc3 e5 4.
Nge2 c6 5. a4 Be7 6. g3 Nbd7 7.
Bg2 O-O 8. O-O b6 9. h3 h5 10. f4 a6 11. Be3 Bb7 12. dxe5 dxe5 13. f5 b5 14. Qe1 b4 15. Nb1 c5 16. Nd2 Qc7 17.
a5 c4 18. c3 Nc5 19. Bxc5 Qxc5+ 20. Kh2 b3 21. Ra4 Rad8 22. Rxc4 Qxa5 23. Nxb3 Qb6 24.
Nec1 Bc6 25. Rxc6 Qxc6 26. Qe2 Rb8 27. Bf3 Qb5 28. Qxb5 Rxb5 29. Rf2 Rfb8 0-1

[Event "Early-Titled-Tuesday-Blitz-September-05-2023"]
[Site "Chess.com"]
[Date "2023.09.05"]
[Round "6"]
[White "szachuspl"]
[Black "m_ezat"]
[Result "1-0"]
[WhiteElo "2551"]
[BlackElo "2692"]
[TimeControl "180+1"]
[EndTime "9:04:30 PDT"]
[Termination "szachuspl won by checkmate"]

1. d4 Nf6 2. c4 g6 3. Nc3 Bg7 4. e4 d6 5. Be2 O-O 6. Be3 e5 7.
d5 Na6 8. Qc2 Nc5 9. b4 Ncd7 10.
Rb1 a5 11. a3 Ne8 12. Nf3 f5 13. Ng5 Ndf6 14. f3 f4 15. Bf2 Nxd5 16. cxd5 Qxg5 17. Kf1 axb4 18. axb4 Qe7 19. g4 fxg3 20. hxg3 Bd7 21. Kg2 h5 22. Nb5 Bf6 23. Ra1 Rxa1 24. Rxa1 h4 25. g4 Bg5 26. Ra7 h3+ 27. Kh1 Bxb5 28. Bxb5 Rxf3 29. Rxb7 Qf7 30. Bg1 Be3 31. Bxe8 Qf4 32.
Qxc7 Rf1 33. Qg7# 1-0

[Event "Early-Titled-Tuesday-Blitz-September-05-2023"]
[Site "Chess.com"]
[Date "2023.09.05"]
[Round "6"]
[White "amylazy"]
[Black "Agoking701"]
[Result "1-0"]
[WhiteElo "2468"]
[BlackElo "2560"]
[TimeControl "180+1"]
[EndTime "9:04:30 PDT"]
[Termination "amylazy won by resignation"]

1. d4 d5 2. c4 c6 3. Nf3 Nf6 4. Qc2 e6 5. g3 Nbd7 6. Bg2 Be7 7. O-O O-O 8. Bf4 b6 9. Rd1 Bb7 10. Ne5 Nxe5 11. dxe5 Nd7 12. cxd5 cxd5 13. e4 Rc8 14. Nc3 d4 15. Rxd4 Qc7 16. Qd2 Nxe5 17. Nb5 Qc5 18. Nxa7 Nc4 19. Rxc4 Qxc4 20. Qd7 Ra8 21.
Qxb7 Bf6 22. e5 Rfb8 23. Qxa8 Rxa8 24. Bxa8 g5 25. Rc1 Qd4 26. exf6 Qxf6 27. Bd2 h6 28. Rc8+ Kh7 29. Be4+ 1-0

[Event "Early-Titled-Tuesday-Blitz-September-05-2023"]
[Site "Chess.com"]
[Date "2023.09.05"]
[Round "6"]
[White "CristianS27"]
[Black "SashaKuzhilniy"]
[Result "0-1"]
[WhiteElo "2507"]
[BlackElo "2619"]
[TimeControl "180+1"]
[EndTime "9:04:33 PDT"]
[Termination "SashaKuzhilniy won by resignation"]

1. e4 d5 2. exd5 Qxd5 3. Nc3 Qe5+ 4. Be2 Bg4 5. d4 Bxe2 6. Ngxe2 Qa5 7. O-O Nf6 8. b4 Qh5 9. Qd3 e6 10. Ng3 Qg6 11.
Qb5+ Nbd7 12. Qxb7 Rb8 13. Qxa7 Bxb4 14. Nce2 Qxc2 15. Bg5 Bd6 16. Bxf6 gxf6 17. Rfc1 Qg6 18. Qa4 Ke7 19. d5 Nb6 20. Qh4 Nxd5 21. Nd4 Rb2 22. Re1 Kd7 23. Rac1 Ra8 24. Qh3 Nf4 25. Qh4 Nd3 26. Red1 Nxc1 27. Rxc1 Rb1 0-1

[Event "Early-Titled-Tuesday-Blitz-September-05-2023"]
[Site "Chess.com"]
[Date "2023.09.05"]
[Round "6"]
[White "Ural_bogatyr"]
[Black "AradNazari"]
[Result "0-1"]
[WhiteElo "2546"]
[BlackElo "2711"]
[TimeControl "180+1"]
[EndTime "9:04:34 PDT"]
[Termination "AradNazari won by checkmate"]

1. d4 Nf6 2. Nc3 g6 3. e4 c5 4.
dxc5 Qc7 5. Be3 Bg7 6. Bd4 O-O 7. e5 Ne8 8. Nd5 Qd8 9. f4 d6 10. cxd6 exd6 11. Nf3 Nc6 12. Bc3 Bg4 13. Be2 Bxf3 14. Bxf3 dxe5 15. fxe5 Nxe5 16. O-O Nc7 17. Bxe5 Bxe5 18.
c3 Qd6 19. g3 Rad8 20. c4 Bxb2 21. Rb1 Qc5+ 22. Kh1 Qxc4 23. Rxb2 Nxd5 24. Qb3 Qxf1# 0-1

[Event "Early-Titled-Tuesday-Blitz-September-05-2023"]
[Site "Chess.com"]
[Date "2023.09.05"]
[Round "6"]
[White "psychokiller48"]
[Black "LoaySameer"]
[Result "1/2-1/2"]
[WhiteElo "2700"]
[BlackElo "2549"]
[TimeControl "180+1"]
[EndTime "9:04:34 PDT"]
[Termination "Game drawn by repetition"]

1. e4 g6 2. d4 Bg7 3. Nf3 d6 4.
Bc4 Nf6 5. Qe2 O-O 6. h3 c6 7. e5 dxe5 8. dxe5 Nd5 9. O-O e6 10. Nbd2 Nd7 11. Re1 Qc7 12. Bb3 b5 13. c4 bxc4 14.
Nxc4 Ba6 15. Qe4 Nc5 16. Qh4 Nxb3 17. axb3 Bxc4 18. bxc4 Ne7 19. g4 f6 20. Bh6 g5 21.
Qh5 Ng6 22. exf6 Rxf6 23. Bxg7 Qxg7 24. Qxg5 Rxf3 25. Rxe6 Nf4 26. Qxg7+ Kxg7 27. Rxc6 Nxh3+ 28. Kg2 Raf8 29. Rxa7+ Kg8 30. Rcc7 Ng5 31. Rg7+ Kh8 32. Rxg5 Rxf2+ 33. Kg1 Rf1+ 34. Kg2 R8f2+ 35. Kg3 Rf3+ 36. Kg2 R1f2+ 37. Kg1 Rf1+ 38. Kg2 R1f2+ 39. Kg1 Rf1+ 40. Kg2 1/2-1/2

[Event "Early-Titled-Tuesday-Blitz-September-05-2023"]
[Site "Chess.com"]
[Date "2023.09.05"]
[Round "6"]
[White "angryspacevoid"]
[Black "IngOscarArdila"]
[Result "1-0"]
[WhiteElo "2610"]
[BlackElo "2404"]
[TimeControl "180+1"]
[EndTime "9:04:38 PDT"]
[Termination "angryspacevoid won by checkmate"]

1. e4 e5 2. d4 exd4 3. Qxd4 Nc6 4.
Qe3 Nf6 5. Bd2 Bb4 6. a3 Bxd2+ 7. Nxd2 O-O 8. O-O-O Re8 9. f4 d6 10. Bd3 Bg4 11. Ngf3 Qe7 12. h3 Bxf3 13. Qxf3 Rad8 14. g4 h6 15. h4 Qe6 16. g5 Nh7 17. Bc4 Qe7 18.
g6 Nf6 19. gxf7+ Kh8 20. fxe8=Q+ Rxe8 21. Rhg1 a6 22. Rg6 b5 23. Ba2 Nd4 24. Qd3 c5 25. Rdg1 Nh5 26. f5 Qxh4 27. Qe3 Nxf5 28. Qf3 Nd4 29. Qf7 Qe7 30. Rxh6+ gxh6 31. Rg8+ Rxg8 32.
Qxg8# 1-0

[Event "Early-Titled-Tuesday-Blitz-September-05-2023"]
[Site "Chess.com"]
[Date "2023.09.05"]
[Round "6"]
[White "Kingstar70"]
[Black "GAusal"]
[Result "0-1"]
[WhiteElo "2481"]
[BlackElo "2290"]
[TimeControl "180+1"]
[EndTime "9:04:43 PDT"]
[Termination "GAusal won by checkmate"]

1. e4 e5 2. Nf3 Nc6 3. Bb5 f5 4. Bxc6 dxc6 5. Nc3 Nf6 6. Qe2 Bd6 7. d3 f4 8. h3 O-O 9. Bd2 a6 10. Rd1 b5 11. a3 Be6 12. O-O Qd7 13. Kh2 h6 14. Bxf4 exf4 15. e5 Rae8 16. exf6 Bxh3 17. Ne4 Bxg2 18.
Kxg2 Qg4+ 19. Kh1 Qh3+ 20. Kg1 Qg4+ 21. Kh1 Re5 22. Nxe5 Qxe2 23. f7+ Rxf7 24. Nxf7 Kxf7 25. Nxd6+ cxd6 26. c4 Qh5+ 27. Kg2 Qg4+ 28. Kh2 f3 29. Rg1 Qh4# 0-1

[Event "Early-Titled-Tuesday-Blitz-September-05-2023"]
[Site "Chess.com"]
[Date "2023.09.05"]
[Round "6"]
[White "Alexei_Gubajdullin"]
[Black "Angry_Twin"]
[Result "0-1"]
[WhiteElo "2600"]
[BlackElo "2931"]
[TimeControl "180+1"]
[EndTime "9:04:45 PDT"]
[Termination "Angry_Twin won by resignation"]

1. d4 Nf6 2. Nf3 g6 3. Bf4 Bg7 4. e3 O-O 5. Be2 d6 6. O-O Nc6 7. h3 e5 8. Bh2 Qe7 9. Nc3 Kh8 10. Re1 Bf5 11. Bb5 Rad8 12. Bxc6 bxc6 13. Qe2 e4 14.
Nd2 h5 15. Qa6 Qd7 16. Nc4 Bxh3 17. gxh3 Qxh3 18. Nd2 Ng4 19. Nf1 f5 20. Qxc6 Rf7 21.
Ne2 g5 22. Bf4 Bh6 23. Qd5 Rdf8 24. Bh2 f4 25. exf4 gxf4 26. Nxf4 Bxf4 27. Bxf4 Rxf4 28. Rxe4 Rxf2 29. Re7 Rxf1+ 0-1

[Event "Early-Titled-Tuesday-Blitz-September-05-2023"]
[Site "Chess.com"]
[Date "2023.09.05"]
[Round "6"]
[White "Roman_Ovetchkin"]
[Black "Tugrik1969"]
[Result "1-0"]
[WhiteElo "2648"]
[BlackElo "2493"]
[TimeControl "180+1"]
[EndTime "9:04:48 PDT"]
[Termination "Roman_Ovetchkin won on time"]

1. d4 d6 2. e4 Nf6 3. Nc3 e5 4. Nf3 exd4 5. Nxd4 Be7 6. Bc4 O-O 7. O-O Nc6 8. Re1 Nxd4 9. Qxd4 Be6 10. Bf4 Nd7 11. Nd5 Bxd5 12. Bxd5 Bf6 13. Qb4 a5 14. Qxb7 Rb8 15. Qa7 Bxb2 16. Rad1 Bc3 17. Re3 Bb4 18. Rg3 Kh8 19. c3 Bc5 20. Qxa5 Nb6 21. Be3 Bxe3 22. Rxe3 Qf6 23. Bb3 1-0

[Event "Early-Titled-Tuesday-Blitz-September-05-2023"]
[Site "Chess.com"]
[Date "2023.09.05"]
[Round "6"]
[White "GamayevOleg"]
[Black "guillembaches"]
[Result "0-1"]
[WhiteElo "2602"]
[BlackElo "2523"]
[TimeControl "180+1"]
[EndTime "9:04:48 PDT"]
[Termination "guillembaches won by resignation"]

1. d4 Nf6 2. Nf3 e6 3. g3 d5 4.
Bg2 h6 5. O-O Bd6 6. c3 O-O 7.
Bf4 b6 8. Bxd6 cxd6 9. Nbd2 Bb7 10. Re1 Nc6 11. e4 dxe4 12. Nxe4 Nxe4 13. Rxe4 Na5 14. Re1 Qd7 15. Qe2 Rfe8 16. Rad1 Rac8 17. Qe3 Nc4 18.
Qc1 Bd5 19. b3 Na5 20. Qb2 Qb7 21.
Nh4 Bxg2 22. Nxg2 b5 23. Ne3 Re7 24. Rd2 Rec7 25. Nd1 Qd5 26. Rde2 Nc6 27. Re3 a5 28.
Rd3 Ne5 29. Rde3 Nf3+ 30. Rxf3 Qxf3 31. Qd2 a4 32. Re3 Qd5 33. Qb2 axb3 34. axb3 h5 35. h4 Ra7 36. Re2 Rca8 37. Rd2 Ra3 38. b4 Ra2 39.
Qc1 Rxd2 40. Qxd2 Qf3 41. Kf1 Ra1 42. Ke1 d5 43. Qc2 g6 44. Qd2 Qe4+ 45. Kf1 Qb1 46. Ke2 Ra2 0-1

[Event "Early-Titled-Tuesday-Blitz-September-05-2023"]
[Site "Chess.com"]
[Date "2023.09.05"]
[Round "6"]
[White "NigelDwarf"]
[Black "AleksandraMilovic"]
[Result "1-0"]
[WhiteElo "2545"]
[BlackElo "2122"]
[TimeControl "180+1"]
[EndTime "9:04:48 PDT"]
[Termination "NigelDwarf won by resignation"]

1. e4 c5 2. d4 cxd4 3. c3 d3 4. Bxd3 g6 5. h4 h5 6. c4 Bg7 7. Nc3 Nc6 8. Bg5 Nf6 9. Nge2 O-O 10. Qd2 d6 11. f3 Bd7 12. O-O-O a6 13. Rdg1 Rb8 14.
Nf4 Ne5 15. Be2 b5 16. cxb5 axb5 17. g4 b4 18. Ncd5 hxg4 19. h5 gxf3 20. h6 Nxe4 21. Nxe7+ Qxe7 22. Bxe7 Nxd2 23. hxg7 Rfe8 24. Bf6 1-0

[Event "Early-Titled-Tuesday-Blitz-September-05-2023"]
[Site "Chess.com"]
[Date "2023.09.05"]
[Round "6"]
[White "Semetey"]
[Black "valemava"]
[Result "1-0"]
[WhiteElo "2567"]
[BlackElo "2285"]
[TimeControl "180+1"]
[EndTime "9:04:52 PDT"]
[Termination "Semetey won by resignation"]

1. Nf3 b5 2. g3 Bb7 3. Bg2 g6 4. O-O Bg7 5. Na3 a6 6. c4 b4 7. Nc2 c5 8. d4 cxd4 9. Ncxd4 Nf6 10. Bg5 O-O 11. Qc1 Nc6 12. Bh6 Nxd4 13. Nxd4 Bxg2 14. Kxg2 Qc7 15. Bxg7 Kxg7 16. b3 Qb7+ 17. f3 d5 18. cxd5 Qxd5 19. Nc2 Rac8 20. Rd1 Qe6 21. Rd2 Nd5 22.
Qb2+ f6 23. e4 Nc3 24. Nxb4 Nxe4 25. Re2 Qd6 26. Rxe4 a5 27. Rd4 Qe5 28. Nd3 Qe3 29.
Re1 Qg5 30. Rxe7+ Kh8 31. Rdd7 Qh6 32. Ne5 Kg8 33. Ng4 Qh5 34. Nxf6+ Rxf6 35. Rg7+ Kh8 36.
Rxh7+ Qxh7 37. Qxf6+ Kg8 38. Qe6+ Kf8 39. Rxh7 1-0

[Event "Early-Titled-Tuesday-Blitz-September-05-2023"]
[Site "Chess.com"]
[Date "2023.09.05"]
[Round "6"]
[White "Durarbayli"]
[Black "Orlov_Oleg"]
[Result "0-1"]
[WhiteElo "2862"]
[BlackElo "2608"]
[TimeControl "180+1"]
[EndTime "9:04:55 PDT"]
[Termination "Orlov_Oleg won by resignation"]

1. e4 e5 2. Nf3 Nc6 3. Bb5 a6 4. Ba4 Nf6 5. Qe2 b5 6. Bb3 Bc5 7. a4 Rb8 8. axb5 axb5 9. Nc3 b4 10. Nd5 d6 11. d3 h6 12. Be3 Bg4 13. Bxc5 dxc5 14.
Ba4 Bd7 15. Bxc6 Bxc6 16. Nxe5 Bxd5 17. exd5 O-O 18. Nc6 Qd6 19. Nxb8 Re8 20. Qxe8+ Nxe8 21. Nc6 Kh7 22. O-O Qxd5 23. Na5 Nd6 24. Rfe1 Nf5 25. Nc4 Nd4 26. Rac1 Qg5 27. Kf1 Qf4 28. Kg1 Ne2+ 29. Kf1 Nxc1 30. g3 Qf3 0-1

[Event "Early-Titled-Tuesday-Blitz-September-05-2023"]
[Site "Chess.com"]
[Date "2023.09.05"]
[Round "6"]
[White "Abund"]
[Black "DishonorOnYourCow"]
[Result "1-0"]
[WhiteElo "2724"]
[BlackElo "2547"]
[TimeControl "180+1"]
[EndTime "9:04:55 PDT"]
[Termination "Abund won by resignation"]

1. e4 c5 2. Nf3 d6 3. Bb5+ Nd7 4. c3 a6 5. Ba4 b5 6. Bc2 Bb7 7. O-O Ngf6 8. Qe2 c4 9. b3 Qc7 10. bxc4 bxc4 11. Na3 Nb6 12. e5 dxe5 13. Nxe5 Rc8 14. Rb1 e6 15. Rxb6 Qxb6 16. Ba4+ Kd8 17. Nxf7+ Kc7 18.
Nxc4 Qc5 19. Nxh8 Kb8 20. Qe5+ Ka7 21. Qxc5+ Rxc5 22. Bb3 Bd5 23. d3 Rc7 24. Bf4 Rb7 25. Ne5 Bxb3 26. axb3 Rxb3 27. c4 Bc5 28. Nhf7 a5 29.
Nd8 a4 30. Nxe6 Bb4 31. Nd4 Rb2 32. Nec6+ Kb6 33. Nxb4 Rxb4 34. Be3 Ka6 35. Ra1 Nd7 36. Nc6 Rb2 37. Rxa4+ Kb7 38. Na5+ Ka6 39. Ra1 Ne5 40.
Nb3+ Kb7 41. Nc5+ Kc6 42. h3 1-0

[Event "Early-Titled-Tuesday-Blitz-September-05-2023"]
[Site "Chess.com"]
[Date "2023.09.05"]
[Round "6"]
[White "suyu28"]
[Black "Massakru"]
[Result "1-0"]
[WhiteElo "2727"]
[BlackElo "2428"]
[TimeControl "180+1"]
[EndTime "9:04:58 PDT"]
[Termination "suyu28 won on time"]

1. d4 Nf6 2. c4 e6 3. Nf3 d5 4.
g3 Be7 5. Bg2 O-O 6. O-O c6 7.
Nbd2 Re8 8. Qc2 Nbd7 9. e4 dxe4 10. Nxe4 c5 11. Nxf6+ Bxf6 12. Rd1 cxd4 13. Nxd4 Qe7 14. Nb5 Nc5 15. Be3 Na6 16. Qb3 e5 17. Nxa7 Nc5 18. Nxc8 Rexc8 19. Qb4 Rab8 20. Rd5 b6 21. Rad1 g6 22.
Rd6 e4 23. Rxb6 Rxb6 24. Qxb6 Nd3 25. b3 Bg7 26. a4 f5 27. a5 Bf8 28. a6 Qa3 29.
Qb7 Rd8 30. Bf1 Qa5 31. Bxd3 exd3 32. Bb6 1-0

[Event "Early-Titled-Tuesday-Blitz-September-05-2023"]
[Site "Chess.com"]
[Date "2023.09.05"]
[Round "6"]
[White "noblerone"]
[Black "MarijaKuznecova"]
[Result "1-0"]
[WhiteElo "2539"]
[BlackElo "2380"]
[TimeControl "180+1"]
[EndTime "9:04:58 PDT"]
[Termination "noblerone won by resignation"]

1. d4 Nf6 2. Nf3 c5 3. c3 d5 4. Bg5 Ne4 5. Bf4 Nc6 6. e3 Bf5 7.
Nbd2 h6 8. Nxe4 Bxe4 9. dxc5 e6 10. b4 g5 11. Bg3 Bg7 12. Nd4 a5 13. b5 Ne5 14. f3 Bg6 15. Bxe5 Bxe5 16. Bd3 Bxd3 17.
Qxd3 Qe7 18. c6 Bxd4 19. cxd4 bxc6 20. bxc6 O-O-O 21. Qa6+ Kc7 22. Rb1 Rb8 23. Qxa5+ Kxc6 24. Rc1+ Kd7 25. Qc7+ Ke8 26. Qxb8+ 1-0

[Event "Early-Titled-Tuesday-Blitz-September-05-2023"]
[Site "Chess.com"]
[Date "2023.09.05"]
[Round "6"]
[White "emirgulbeyaz"]
[Black "whitemirrorninja"]
[Result "0-1"]
[WhiteElo "2335"]
[BlackElo "2502"]
[TimeControl "180+1"]
[EndTime "9:04:59 PDT"]
[Termination "whitemirrorninja won by checkmate"]

1. d4 g6 2. e4 Bg7 3. Nc3 d6 4. f4 Nd7 5. Nf3 a6 6. e5 e6 7. Be3 Ne7 8. Bd3 b5 9. Ne4 d5 10. Nf2 Bb7 11. a4 b4 12. a5 Rc8 13. Qe2 c5 14.
Bxa6 Bxa6 15. Qxa6 c4 16. Qb5 Rb8 17. Qa4 b3 18.
O-O O-O 19. Bd2 bxc2 20. Qxc2 Rb3 21. Bc3 Nc6 22. Nd2 Rb5 23. Rfb1 Qa8 24. b3 cxb3 25.
Rxb3 Rfb8 26. Rxb5 Rxb5 27. Qd3 Qa6 28. Ra2 Ndb8 29. Qc2 h5 30. Nb3 Bf8 31. Nd3 Rxb3 32. Qxb3 Qxd3 33. Qc2 Qe3+ 34. Kh1 Qxf4 35. Qd2 Qf1# 0-1

[Event "Early-Titled-Tuesday-Blitz-September-05-2023"]
[Site "Chess.com"]
[Date "2023.09.05"]
[Round "6"]
[White "francyIM"]
[Black "Aswathchess"]
[Result "0-1"]
[WhiteElo "2820"]
[BlackElo "2593"]
[TimeControl "180+1"]
[EndTime "9:05:00 PDT"]
[Termination "Aswathchess won on time"]

1. d4 d5 2. c3 Nf6 3. Nf3 c5 4. Bf4 Nc6 5. e3 Nh5 6. Bg5 h6 7. Bh4 g5 8. Nfd2 Qb6 9. b3 cxd4 10. Qxh5 dxe3 11. Bxg5 exd2+ 12. Bxd2 Bg7 13. Qxd5 Be6 14. Qb5 Qc7 15. Be2 a6 16. Qh5 Nd4 17. Bd1 O-O-O 18. O-O Rd5 19. Qh4 Bf6 20. Qe4 Nc6 21. Bf4 Qd7 22. Bf3 Ne5 23. Bxe5 Rxe5 24. Qb4 Rb5 25. Qa4 Rg8 26. Na3 Rf5 27. Qxd7+ Bxd7 28. Kh1 Rxf3 29.
gxf3 Bc6 30. h4 Bxf3+ 31. Kh2 Be5+ 0-1

[Event "Early-Titled-Tuesday-Blitz-September-05-2023"]
[Site "Chess.com"]
[Date "2023.09.05"]
[Round "6"]
[White "WiktoriaPOL"]
[Black "Flaccidmoves"]
[Result "0-1"]
[WhiteElo "2289"]
[BlackElo "2481"]
[TimeControl "180+1"]
[EndTime "9:05:00 PDT"]
[Termination "Flaccidmoves won by checkmate"]

1. c4 e6 2. Nc3 d5 3. d4 Be7 4.
cxd5 exd5 5. Bf4 c6 6. Nf3 Bf5 7. e3 Nd7 8. Bd3 Bxd3 9. Qxd3 Ngf6 10. O-O O-O 11. Rab1 a5 12. a3 Re8 13. b4 axb4 14. axb4 b5 15. Ne5 Nxe5 16. dxe5 Nh5 17. Rfc1 Ra3 18. Qd4 Qd7 19. Ne4 Ra4 20. Nc5 Bxc5 21.
Qxc5 Re6 22. Ra1 Rxa1 23. Rxa1 h6 24. Ra8+ Re8 25. Ra7 Qf5 26. Qxc6 Qb1+ 27. Qc1 Qxc1# 0-1

[Event "Early-Titled-Tuesday-Blitz-September-05-2023"]
[Site "Chess.com"]
[Date "2023.09.05"]
[Round "6"]
[White "Chessdude1987"]
[Black "Zurability"]
[Result "0-1"]
[WhiteElo "2427"]
[BlackElo "2706"]
[TimeControl "180+1"]
[EndTime "9:05:01 PDT"]
[Termination "Zurability won by checkmate"]

1. e4 c5 2. Nf3 d6 3. Bc4 Nf6 4. d3 g6 5. c3 Bg7 6. O-O O-O 7. Re1 Nc6 8. d4 cxd4 9. cxd4 d5 10. exd5 Nxd5 11.
Nc3 Nb6 12. Bb3 Nxd4 13. Ne5 Nxb3 14. Qxb3 Be6 15. Qc2 Qd4 16. Nb5 Qb4 17. Nc3 Rac8 18. Bg5 Bf5 19. Qe2 f6 20. g4 fxg5 21.
gxf5 Rxf5 22. Nxg6 hxg6 23. Qxe7 Qg4+ 24. Kh1 Rxf2 25.
Qe4 Qh3 26. Qe6+ Qxe6 27. Rxe6 Bxc3 28. bxc3 Rxc3 29. Rxg6+ Kf7 30. Rxg5 Rcc2 31. Rh5 Rxa2 32. Rc1 Rac2 33. Rg1 Nc4 34. Rh7+ Ke6 35. Rxb7 Rxh2# 0-1